 Dungeon Crawl Stone Soup version 0.28-a0-1567-g1695149f81 (webtiles) character file.

Game seed: 13158496305623624611

172 Pin the Chopper (level 5, -5/48 HPs)
             Began as a Hill Orc Monk on Jan 20, 2022.
             Was a Believer of Beogh.
             Slain by an ogre (20 damage)
             ... on level 3 of the Dungeon.
             The game lasted 00:05:44 (4194 turns).

Pin the Chopper (Hill Orc Monk)                     Turns: 4194, Time: 00:05:45

Health: -5/48      AC:  9    Str: 16    XL:     5   Next: 52%
Magic:  5/5        EV:  7    Int: 10    God:    Beogh [**....]
Gold:   171        SH:  0    Dex: 13    Spells: 4/4 levels left

rFire   . . .      SeeInvis .   a - +0 hand axe
rCold   . . .      Faith    .   (no shield)
rNeg    . . .      Spirit   .   j - +0 chain mail
rPois   .          Reflect  .   (no helmet)
rElec   .          Harm     .   (no cloak)
rCorr   .          Rampage  .   (no gloves)
Will    .....                   (no boots)
Stlth   ..........              (no amulet)
HPRegen 0.16/turn               (no ring)
MPRegen 0.09/turn               (no ring)

@: no status effects
A: no striking features
a: Renounce Religion, Smiting


You were on level 3 of the Dungeon.
You worshipped Beogh.
Beogh was pleased with you.
You visited 1 branch of the dungeon, and saw 4 of its levels.

You collected 171 gold pieces.

Inventory:

Hand Weapons
 a - a +0 hand axe (weapon)
Armour
 j - a +0 chain mail (worn)
Scrolls
 d - a scroll of fear {unknown}
 e - 4 scrolls of teleportation {unknown}
 f - a scroll of enchant armour {unknown}
 g - 4 scrolls of identify {unknown}
 h - a scroll of fog {unknown}
 l - 2 scrolls of vulnerability {unknown}
 n - a scroll of silence {unknown}
Potions
 b - 2 potions of curing {unknown}
 c - a potion of berserk rage {unknown}
 i - a potion of attraction {unknown}
 k - a potion of flight {unknown}
 m - a potion of heal wounds {unknown}


   Skills:
 + Level 5.1 Fighting
 + Level 5.5 Axes
 + Level 3.0 Armour
 - Level 2.4 Dodging
 - Level 1.5 Stealth
 + Level 0.4 Invocations


You had 4 spell levels left.
You didn't know any spells.
Your spell library was empty.

Dungeon Overview and Level Annotations

Branches:
Dungeon (4/15)
 Temple: D:4-7

Altars:


Message History

You start waiting.
Done waiting.
You climb downwards.
There is a stone staircase leading up here.
The gnoll barely misses you.
You hit the gnoll.
The gnoll is lightly wounded.
The gnoll hits you with a +0 halberd.
You hit the gnoll.
The gnoll is moderately wounded.
The gnoll hits you with a +0 halberd.
You hit the gnoll but do no damage.
The gnoll is moderately wounded.
The gnoll hits you but does no damage.
You closely miss the gnoll.
The gnoll is lightly wounded.
An ogre comes into view. It is wielding a +0 giant club.
The gnoll hits you with a +0 halberd.
You hit the gnoll.
The gnoll is moderately wounded.
The gnoll barely misses you.
You barely miss the gnoll.
The gnoll is lightly wounded.
The gnoll hits you with a +0 halberd.
You barely miss the gnoll.
The gnoll is lightly wounded.
The gnoll hits you but does no damage.
The gnoll hits you from afar with a +0 halberd.
There is a stone staircase leading up here.
The gnoll barely misses you. The ogre closely misses you.
You climb upwards.
There is a stone staircase leading down, spattered with blood here.
You barely miss the ogre. You hit the ogre but do no damage.
The ogre hits you with a +0 giant club!
You slash the ogre!
The ogre is moderately wounded.
The ogre hits you with a +0 giant club!
* * * LOW HITPOINT WARNING * * *
The ogre hits you with a +0 giant club!!
You die...

##########.#(# #.# # ## #.#.# #.#
# .# #.#.#####.# # .###
##.#....(..###### #
#.^######..##.##........#########
.#.............#.######........##
.########.###.##.# ########.## .#
#(# #.##.# #.....)). .#
##.###.##@# #.####))# .#
##...##..O.# ##.####)## .#
##.....#..### ##...##..## .#
#..........# ####.#.#..#... .#
##.....#...# #..........##. .#
##...##...# #.##.#.#..#.#. ##
##.###...# #.##....#.##.. ###
#...# #.##.......##. #...#
#.#######..##.


You could see an ogre.

Vanquished Creatures
  An orc wizard (D:3)
  2 gnolls
  3 adders
  An ufetubus (D:2)
  5 worms
  10 orcs
  3 endoplasms
  A giant cockroach (D:2)
  6 goblins
  9 hobgoblins
  2 jackals (D:4)
  A quokka (D:2)
  5 ball pythons
  5 bats
  4 frilled lizards
  6 kobolds
  7 rats
71 creatures vanquished.

Vanquished Creatures (others)
  An orc (D:3)
1 creature vanquished.

Grand Total: 72 creatures vanquished

Notes
Turn   | Place    | Note
-------+----------+-------------------------------------------
     0 | D:1      | Pin the Hill Orc Monk began the quest for the Orb.
     0 | D:1      | Reached XP level 1. HP: 19/19 MP: 1/1
   280 | D:1      | Reached XP level 2. HP: 26/27 MP: 2/2
   319 | D:1      | Found a faded altar of an unknown god.
   497 | D:1      | Reached skill level 1 in Armour
  1071 | D:2      | Reached XP level 3. HP: 32/33 MP: 3/3
  2280 | D:3      | Reached XP level 4. HP: 29/41 MP: 4/4
  2610 | D:3      | Reached skill level 5 in Axes
  2633 | D:3      | Became a worshipper of Beogh the Brigand
  2633 | D:3      | Reached * piety under Beogh
  2633 | D:3      | Reached ** piety under Beogh
  3099 | D:3      | Reached XP level 5. HP: 36/47 MP: 5/5
  3653 | D:4      | Reached skill level 5 in Fighting
  4153 | D:4      | Noticed an ogre
  4194 | D:3      | Slain by an ogre

Illustrated notes

Levels and vault maps discovered:
D:1:      ebering_hopf_link, layout_loops_ring, basic_ecumenical_altar
D:2:      layout_loops_cross
D:3:      layout_loops_ring
D:4:      layout_basic, lemuel_zombie_altar_kikubaaqudgha,
          ebering_ghost_sewer_d, uniq_grinder

Skill      XL: |  1  2  3  4  5 |
---------------+----------------+-----
Armour         | 1 2 3 |  3.0
Fighting       | 4 5 |  5.1
Axes           | 5 |  5.5
Dodging        | |  2.4
Stealth        | |  1.5
Invocations    | |  0.4

Action                   |  1- 3 |  4- 6 || total
-------------------------+-------+-------++-------
Melee: Hand axe          |   147 |   149 ||   296
       Punch             |     1 |     1 ||     2
Invok: Convert to Beogh  |       |     1 ||     1
Armor: Robe              |     8 |       ||     8
       Leather armour    |    25 |       ||    25
       Chain mail        |    11 |    79 ||    90
Dodge: Dodged            |    69 |    51 ||   120

Table legend: (Time is in decaauts)
 A = Elapsed time spent in this place.
 B = Non-inter-level travel time spent in this place.
 C = Inter-level travel time spent in this place.
 D = Time resting spent in this place.
 E = Time spent auto-exploring this place.
 F = Levels seen in this place.
 G = Mean time per level.
                   A        B        C        D        E       F      G
               +--------+--------+--------+--------+--------+-----+--------+
         Total |   4210 |   4147 |     63 |    956 |   2525 |   4 | 1052.5 |
       Dungeon |   4210 |   4147 |     63 |    956 |   2525 |   4 | 1052.5 |
               +--------+--------+--------+--------+--------+-----+--------+

Top non-repeatable levels by time:
     D:3: 1949 daAuts
     D:2: 1181 daAuts
     D:1: 888 daAuts
     D:4: 190 daAuts
